 Dungeon Crawl Stone Soup version 0.16.1-51-g6203257 (webtiles) character file.

16115 poirepourri the Nimble (level 12, -5/117 HPs)
             Began as a Deep Dwarf Berserker on Aug 5, 2015.
             Was a Priest of Trog.
             Hit by a large rock thrown by a cyclops (27 damage)
             ... on level 12 of the Dungeon.
             The game lasted 00:44:34 (11434 turns).

poirepourri the Nimble (Deep Dwarf Berserker)      Turns: 11434, Time: 00:44:34

Health: -5/117     AC: 11    Str: 24    XL:     12   Next: 7%
Magic:  9/9        EV: 15    Int:  9    God:    Trog [***...]
Gold:   352        SH: 13    Dex: 13    Spells: 0 memorised, 11 levels left

rFire  x . .     SeeInvis .     m - +4 war axe (venom)
rCold  + . .     Clarity  +     t - +0 ring mail
rNeg   . . .     SustAb   .     k - +2 shield
rPois  +         Gourm    .     (no helmet)
rElec  .         Spirit   .     u - +2 cloak {+Inv}
rCorr  .         Warding  .     C - +0 pair of gloves
rMut   .         Stasis   .     (no boots)
MR     +++..                    x - amulet of clarity
Stlth  ++........               d - ring of ice
                                l - ring of poison resistance

@: non-regenerating, extremely resistant to hostile enchantments, unstealthy
A: damage resistance, recharge devices, sense surroundings 2, slow healing 3
a: Device Recharging, Burn Spellbooks, Berserk, Trog's Hand, Renounce Religion,
Evoke Invisibility


You were on level 12 of the Dungeon.
You worshipped Trog.
Trog was most pleased with you.
You were not hungry.

You visited 2 branches of the dungeon, and saw 13 of its levels.

You collected 487 gold pieces.
You spent 135 gold pieces at shops.

Inventory:

Hand weapons
 a - a +0 hand axe
 m - a +4 war axe of venom (weapon)
Armour
 b - a +0 animal skin
 j - a +1 leather armour
 k - a +2 shield (worn)
 t - a +0 ring mail (worn)
 u - a +2 cloak of invisibility (worn)
 C - a +0 pair of gloves (worn)
Jewellery
 d - a ring of ice (right hand)
 h - an uncursed amulet of rage
 l - a ring of poison resistance (left hand)
 r - an uncursed ring of magical power
 v - an uncursed amulet of stasis
 x - an amulet of clarity (around neck)
 F - an uncursed ring of ice
 G - an uncursed ring of positive energy {unknown}
 M - an uncursed ring of magical power
Magical devices
 c - a wand of heal wounds (4)
 n - a wand of fireball (2)
 o - a wand of polymorph (15)
 s - a wand of random effects (17)
 w - a wand of disintegration (12)
 y - a wand of flame (34)
 H - a wand of confusion (4)
 J - a wand of disintegration (9)
 O - a wand of teleportation (1)
Scrolls
 e - a scroll of immolation
 g - a scroll of noise
 i - a scroll of teleportation
 p - 5 scrolls of remove curse
 q - 10 scrolls of identify
 D - a scroll of enchant weapon
 K - a scroll of fear
Potions
 f - a potion of haste
 B - a potion of mutation
 L - a potion of curing {unknown}
 N - 2 potions of brilliance
 P - a potion of resistance {unknown}
Miscellaneous
 E - a lamp of fire
Comestibles
 A - a bread ration
 I - a fruit


   Skills:
 * Level 10.5 Fighting
 + Level 9.5 Axes
 + Level 7.7 Armour
 + Level 11.4 Dodging
 + Level 3.6 Stealth
 + Level 6.9 Shields
 + Level 3.0 Evocations


You had 11 spell levels left.
You didn't know any spells.

Dungeon Overview and Level Annotations

Branches:
Dungeon (12/15)            Temple (1/1) D:5             Orc (0/4) D:11
   Lair: D:8-11

Altars:
Ashenzari
Cheibriados
Dithmenos
Elyvilon
Fedhas
Gozag
Kikubaaqudgha
Sif Muna
Trog
Xom
The Shining One

Shops:
D:5 ?   D:9 (

Annotations:
D:6 Prince Ribbit
D:11 exclusion: statue


Innate Abilities, Weirdness & Mutations

You are resistant to damage.
You can recharge devices by infusing magical energy.
You passively map the area around you.
You do not heal naturally.


Message History

Reactivating autopickup.
The cyclops throws a large rock.
You block the large rock.
Things that are here:
a large rock; a potion of invisibility You slash the shadow!
The shadow is almost destroyed.
The shadow slips into darkness.
The shadow flickers and vanishes!
Deactivating autopickup; reactivate with Ctrl-A.
The cyclops throws a large rock.
You block the large rock.
All of the chunks of flesh in your inventory have rotted away.
Use which ability? (? or * to list)
Your skin crawls.
You feel resistant to hostile enchantments.
You feel slightly more hungry.
The shadow strikes at you from the darkness!
* * * LOW HITPOINT WARNING * * *
Reactivating autopickup.
The cyclops throws a large rock.
The large rock hits you!!
You die...

* * **,, * * ,.C.* ,
,....# *# ,
,,,,,.....## #.. * #
#....####..# ##
#..........# .## *
.........# # #.##
#....# # #..## ,
##@..#*** * #
##..#######. #.W..##
* ,* * #
#..........*#...#..#
*, ,.
##.............####.#
,, * *
#.............#* ##.#
* ....#######..# #..#
..### ## #.## ..####
#.## .....### ###
#..#############


You could see a cyclops and a shadow.

Vanquished Creatures
  Fannar (D:11)
  Urug (D:11)
  2 unseen horrors
  4 hill giants
  An ugly thing (D:12)
  Maurice (D:12)
  Joseph (D:12)
  A redback zombie (D:11)
  4 trolls
  A two-headed ogre (D:10)
  4 deep elf magi
  A wyvern (D:9)
  Eustachio (D:6)
  2 hungry ghosts
  A deep elf fighter (D:6)
  2 hippogriffs
  14 yaks
  Menkaure (D:5)
  2 black bears
  2 phantoms
  10 orc warriors
  5 sky beasts
  7 ice beasts
  2 wasps
  The ghost of poirepourri the Chopper, an average DDBe of Trog (D:3)
  7 centaurs
  A crocodile (D:10)
  Sigmund (D:2)
  Duvessa (D:6)
  6 ogres
  Blork the orc (D:6)
  8 giant frogs
  2 gnoll sergeants (D:6)
  6 scorpions
  16 killer bees
  5 crimson imps
  A goliath beetle (D:9)
  A giant frog zombie (D:11)
  Dowan (D:6)
  10 orc priests
  4 jellies
  Crazy Yiuf (D:3)
  2 giant frog skeletons
  6 iguanas
  14 orc wizards
  8 worker ants
  An ogre zombie (D:11)
  2 hound zombies (D:11)
  2 hound skeletons
  3 gnolls (D:3)
  11 adders
  A river rat (D:6)
  2 giant mites
  2 shadow imps
  4 worms
  An adder zombie (D:9)
  7 giant geckos
  An ooze (D:1)
  39 orcs
  16 bats
  8 giant cockroaches
  5 goblins
  17 hobgoblins
  13 kobolds
  A ball python (D:3)
  A giant cockroach zombie (D:5)
  A giant gecko skeleton (D:5)
  4 giant newts
  A giant spore (D:11)
  11 jackals
  4 quokkas
  13 rats
  A ballistomycete (D:11)
346 creatures vanquished.

Vanquished Creatures (others)
  An ogre (D:11)
  2 giant spores
  A ballistomycete (D:11)
4 creatures vanquished.

Grand Total: 350 creatures vanquished

Notes
Turn   | Place    | Note
--------------------------------------------------------------
     0 | D:1      | poirepourri, the Deep Dwarf Berserker, began the quest for the Orb.
     0 | D:1      | Reached XP level 1. HP: 20/20 MP: 1/1
   396 | D:1      | Reached XP level 2. HP: 21/28 MP: 2/2
   699 | D:2      | Found a glowing golden altar of the Shining One.
   753 | D:2      | Reached XP level 3. HP: 29/34 MP: 3/3
   926 | D:2      | Acquired Trog's second power
  1005 | D:2      | Noticed Sigmund
  1034 | D:2      | Killed Sigmund
  1034 | D:2      | Reached XP level 4. HP: 19/44 MP: 4/4
  1230 | D:3      | Reached skill level 4 in Axes
  1230 | D:3      | Reached XP level 5. HP: 50/50 MP: 5/5
  1335 | D:3      | Noticed poirepourri's ghost (average DDBe)
  1403 | D:3      | Killed poirepourri's ghost
  1578 | D:3      | Noticed a centaur
  1599 | D:3      | Killed a centaur
  1599 | D:3      | Reached skill level 1 in Evocations
  1599 | D:3      | Reached XP level 6. HP: 31/57 MP: 6/6
  1692 | D:3      | Reached skill level 5 in Dodging
  1911 | D:3      | Noticed Crazy Yiuf
  1917 | D:3      | Killed Crazy Yiuf
  2122 | D:4      | Reached XP level 7. HP: 66/66 MP: 7/7
  2153 | D:4      | Found an opulent altar of Gozag.
  2224 | D:5      | Entered Level 5 of the Dungeon
  2295 | D:5      | Found a shimmering altar of Xom.
  2395 | D:5      | Found a staircase to the Ecumenical Temple.
  2491 | D:5      | Reached skill level 5 in Axes
  2645 | D:5      | Reached skill level 5 in Fighting
  2645 | D:5      | Reached skill level 6 in Dodging
  2704 | D:5      | Reached skill level 1 in Stealth
  2704 | D:5      | HP: 2/67 [orc priest/divine providence (10)]
  3036 | D:5      | Reached XP level 8. HP: 48/75 MP: 8/8
  3054 | D:5      | Found Curoghoi's Magic Scroll Shop.
  3118 | D:5      | Bought a scroll of enchant weapon for 75 gold pieces
  3118 | D:5      | Bought a scroll of teleportation for 30 gold pieces
  3118 | D:5      | Bought a scroll of remove curse for 30 gold pieces
  3441 | D:5      | Noticed Menkaure
  3452 | D:5      | Killed Menkaure
  3557 | Temple   | Entered the Ecumenical Temple
  3682 | D:6      | Reached skill level 7 in Dodging
  4514 | D:6      | Noticed Duvessa
  4519 | D:6      | Noticed Dowan
  4541 | D:6      | Killed Dowan
  4548 | D:6      | Killed Duvessa
  4581 | D:6      | Found a deep blue altar of Sif Muna.
  4582 | D:6      | Noticed Prince Ribbit
  4669 | D:6      | Reached skill level 8 in Dodging
  4669 | D:6      | Gained mutation: You passively map the area around you. [level up]
  4669 | D:6      | Reached XP level 9. HP: 66/85 MP: 8/8
  5012 | D:6      | Noticed Blork the orc
  5015 | D:6      | Noticed Eustachio
  5063 | D:6      | Killed Blork the orc
  5117 | D:6      | Reached skill level 5 in Armour
  5118 | D:6      | Killed Eustachio
  5512 | D:7      | Gained mutation: You are clumsy. (Dex -2) [potion of mutation]
  5512 | D:7      | Gained mutation: Scrolls take you a little longer to read. [potion of mutation]
  5512 | D:7      | Gained mutation: You tend to lose your temper in combat. [potion of mutation]
  5513 | D:7      | Lost mutation: Scrolls take you a little longer to read. [potion of cure mutation]
  5513 | D:7      | Lost mutation: You are clumsy. (Dex -2) [potion of cure mutation]
  5513 | D:7      | Lost mutation: You tend to lose your temper in combat. [potion of cure mutation]
  5783 | D:7      | Identified a scroll of acquirement
  5801 | D:7      | You fall through a shaft!
  5853 | D:8      | Reached skill level 9 in Dodging
  6504 | D:8      | Reached skill level 1 in Shields
  6695 | D:8      | Reached XP level 10. HP: 85/96 MP: 7/7
  7057 | D:9      | HP: 4/96 [yak[a killer bee] (6)]
  7203 | D:9      | Found a snail-covered altar of Cheibriados.
  7306 | D:9      | Noticed a hill giant
  7320 | D:9      | Killed a hill giant
  7502 | D:9      | Found Kotaumu's Weapon Shoppe.
  7659 | D:9      | Found a deep blue altar of Sif Muna.
  8653 | D:10     | Entered Level 10 of the Dungeon
  8839 | D:10     | Reached skill level 10 in Dodging
  8855 | D:10     | Noticed a hill giant
  8857 | D:10     | Noticed a hill giant
  8869 | D:10     | Killed a hill giant
  8874 | D:10     | Killed a hill giant
  9355 | D:10     | Reached XP level 11. HP: 55/106 MP: 8/8
  9558 | D:11     | Killed an unseen horror
  9558 | D:11     | Reached skill level 5 in Shields
  9583 | D:11     | Noticed Fannar
  9606 | D:11     | Killed Fannar
  9756 | D:11     | Found a staircase to the Orcish Mines.
  9793 | D:11     | Noticed Urug
  9812 | D:11     | Killed Urug
  9912 | D:11     | Reached skill level 11 in Dodging
  9924 | D:11     | Reached skill level 10 in Fighting
 10222 | D:11     | Noticed a hill giant
 10230 | D:11     | Killed a hill giant
 11193 | D:12     | Noticed Maurice
 11203 | D:12     | Killed an unseen horror
 11209 | D:12     | Killed Maurice
 11231 | D:12     | Noticed Joseph
 11246 | D:12     | Killed Joseph
 11246 | D:12     | Reached XP level 12. HP: 37/117 MP: 9/9
 11434 | D:12     | Hit by a large rock thrown by a cyclops

Action                   |  1- 3 |  4- 6 |  7- 9 | 10-12 || total
-------------------------+-------+-------+-------+-------++-------
Melee: Hand axe          |   104 |   190 |   666 |       ||   960
       Unarmed           |       |    45 |       |       ||    45
       War axe           |       |       |    73 |   492 ||   565
Invok: Berserk           |     1 |     4 |    11 |     5 ||    21
       Trog's Hand       |     2 |    10 |    25 |    32 ||    69
       Burn Spellbooks   |       |       |     1 |     4 ||     5
 Abil: Device Recharging |       |     1 |     6 |     2 ||     9
Evoke: Wand              |     2 |     6 |    32 |     9 ||    49
  Use: Scroll            |     6 |     4 |     8 |     4 ||    22
       Potion            |       |     2 |     9 |     2 ||    13
 Stab: Invisible         |       |       |    10 |       ||    10
       Sleeping          |       |       |     3 |       ||     3
  Eat: Bread ration      |     1 |       |     4 |     2 ||     7
       Meat ration       |       |     1 |     1 |     3 ||     5
       Beef jerky        |       |       |     2 |       ||     2
       Chunk             |       |       |     6 |     1 ||     7
       Pizza             |       |       |     1 |       ||     1
       Fruit             |       |       |       |     1 ||     1
